 Dungeon Crawl Stone Soup version 0.31-a0-744-gbc345e7fcb (webtiles) character file.

Game seed: 16823570046554995585

73 CowFu the Shield-Bearer (level 4, 0/27 HPs)
             Began as a Deep Elf Fighter on Sept 13, 2023.
             Slain by a sleepcap (2 damage)
             ... on level 3 of the Dungeon.
             The game lasted 00:03:46 (1624 turns).

CowFu the Shield-Bearer (Deep Elf Fighter)          Turns: 1624, Time: 00:03:47

Health: 0/27       AC:  7    Str: 15    XL:     4   Next: 8%
Magic:  6/6        EV:  9    Int: 13    God:
Gold:   46         SH:  5    Dex: 14    Spells: 3/3 levels left

rFire   . . .        a - +0 rapier
rCold   . . .        c - +0 buckler
rNeg    . . .        b - +0 scale mail
rPois   .            (no helmet)
rElec   .            (no cloak)
rCorr   .            n - +0 pair of gloves
SInv    .            (no boots)
Will    .....        (no amulet) Stlth
                     (no ring)
HPRegen 0.24/turn    (no ring)
MPRegen 0.10/turn

%: no passive effects
@: no status effects
A: no striking features
a: no special abilities


You were on level 3 of the Dungeon.
You visited 1 branch of the dungeon, and saw 3 of its levels.

You collected 46 gold pieces.

Inventory:

Hand Weapons
 a - a +0 rapier (weapon)
Armour
 b - a +0 scale mail (worn)
 c - a +0 buckler (worn)
 n - a +0 pair of gloves (worn)
Scrolls
 i - a scroll of enchant armour {unknown}
 l - a scroll of immolation {unknown}
 o - a scroll of teleportation {unknown}
 p - a scroll of fear {unknown}
Potions
 e - a potion of ambrosia {unknown}
 f - a potion of curing {unknown}
 g - a potion of enlightenment {unknown}
 h - a potion of degeneration {unknown}
 j - a potion of experience {unknown}
 k - a potion of mutation {unknown}
 m - a potion of lignification {unknown}


   Skills:
 + Level 2.8 Fighting
 + Level 2.5 Short Blades
 + Level 2.8 Armour
 + Level 1.7 Dodging
 + Level 2.8 Shields


You had 3 spell levels left.
You didn't know any spells.
Your spell library contained the following spells:

 Spells                   Type           Power      Damage    Failure   Level
 Tukima's Dance           Hex            0%         N/A       99%         3
 Dimensional Bullseye     Hex/Tloc       0%         N/A       100%        4
 Iskenderun's Mystic Bla  Conj/Tloc      0%         2d3       100%        4


Dungeon Overview and Level Annotations

Branches:
Dungeon (3/15)

Altars:

Shops:
D:1 *


Message History

You kill the ball python!
No target in view!
No target in view!
Found a stone staircase leading down.
No target in view!
A sleepcap comes into view.
A sleepcap is nearby!
A sleepcap is nearby!
The sleepcap releases spores at you.
You are engulfed in a cloud of soporific spores!
You fall asleep.
The sleepcap releases spores at you but does no damage.
The sleepcap releases spores at you!
You wake up.
Ouch! That really hurt!
You are too injured to fight recklessly!
You are too injured to fight recklessly!
Unknown command.
You are too injured to fight recklessly!
Unknown command.
You are too injured to fight recklessly!
Unknown command.
You are too injured to fight recklessly!
Unknown command.
Unknown command.
You are too injured to fight recklessly!
You are too injured to fight recklessly!
You completely miss the sleepcap. The sleepcap releases spores at you.
* * * LOW HITPOINT WARNING * * *
You are engulfed in a cloud of soporific spores!
You are unaffected.
You hit the sleepcap.
The sleepcap is lightly damaged.
The sleepcap releases spores at you.
* * * LOW HITPOINT WARNING * * *
You are engulfed in a cloud of soporific spores!
You are unaffected.
You hit the sleepcap.
The sleepcap is lightly damaged.
The sleepcap releases spores at you.
You die...

............#..
................
~.............≈≈≈
~.............≈#
.>.............≈#
...............≈
..........f.#
##.......@.# ≈#
#...8......###≈≈
#..~~~..#.......
##..~~~........≈≈
#...~~~........≈#
#...~~~........≈#
#..............≈#
#........<.....≈#
#..............≈#


You could see a sleepcap.

Vanquished Creatures
  Terence (D:2)
  An adder (D:2)
  4 endoplasms
  2 giant cockroaches (D:2)
  3 goblins
  A hobgoblin (D:1)
  5 kobolds
  4 quokkas
  4 ball pythons
  4 bats
  7 frilled lizards
  3 rats
39 creatures vanquished.

Notes
Turn   | Place    | Note
-------+----------+-------------------------------------------
     0 | D:1      | CowFu the Deep Elf Fighter began the quest for the Orb.
     0 | D:1      | Reached XP level 1. HP: 13/13 MP: 3/3
    20 | D:1      | Found Bankaups's General Store.
   357 | D:1      | Reached XP level 2. HP: 17/18 MP: 4/4
   796 | D:2      | Reached skill level 1 in Dodging
   931 | D:2      | Reached XP level 3. HP: 6/22 MP: 5/5
  1377 | D:2      | Noticed Terence
  1383 | D:2      | Killed Terence
  1438 | D:2      | Reached XP level 4. HP: 18/27 MP: 6/6
  1624 | D:3      | Slain by a sleepcap

Illustrated notes

Levels and vault maps discovered:
D:1:      ncdulo_halloftheorcs, layout_loops_cross, serial_shops,
          nicolae_lakefront_shop, dk_noncrumbling_3
D:2:      layout_loops_ring, minmay_box_of_dots, uniq_terence
D:3:      layout_rooms, nicolae_overflow_two_pavilions,
          nicolae_overflow_crystal_walls, mainiacjoe_overflow_alcove_1,
          minmay_crystal_water, minivault_5, minmay_misc_feat_iff,
          grunt_ministairs_14, serial_park_tiny_pond, minmay_stone_trees_medium

Skill      XL: |  1  2 |
---------------+-------+-----
Dodging        | 1 |  1.7
Fighting       | |  2.8
Short Blades   | |  2.5
Armour         | |  2.8
Shields        | |  2.8

Action                     |  1- 3 |  4- 6 || total
---------------------------+-------+-------++-------
  Melee: Rapier            |   158 |     4 ||   162
    Use: Potion            |     1 |       ||     1
 Armour: Scale mail        |   124 |     6 ||   130
  Dodge: Dodged            |    71 |     2 ||    73
  Block: Buckler           |    33 |       ||    33

Table legend: (Time is in decaauts)
 A = Elapsed time spent in this place.
 B = Non-inter-level travel time spent in this place.
 C = Inter-level travel time spent in this place.
 D = Time resting spent in this place.
 E = Time spent auto-exploring this place.
 F = Levels seen in this place.
 G = Mean time per level.
                   A        B        C        D        E       F      G
               +--------+--------+--------+--------+--------+-----+--------+
         Total |   1646 |   1510 |    136 |      0 |   1182 |   3 |  548.7 |
       Dungeon |   1646 |   1510 |    136 |      0 |   1182 |   3 |  548.7 |
               +--------+--------+--------+--------+--------+-----+--------+

Top non-repeatable levels by time:
     D:2: 847 daAuts
     D:1: 784 daAuts
     D:3: 15 daAuts
